 Dungeon Crawl Stone Soup version 0.22-a0-398-g8bb545f (webtiles) character file.

9600 Ijustatesigmund the Fighter (level 11, -17/80 HPs)
             Began as an Octopode Artificer on May 4, 2018.
             Was a Believer of the Shining One.
             Demolished by a large slime creature (38 damage)
             ... on level 11 of the Dungeon.
             The game lasted 00:38:04 (13508 turns).

Ijustatesigmund the Fighter (Octopode Artificer)   Turns: 13508, Time: 00:38:05

Health: -17/80     AC:  6    Str: 11    XL:     11   Next: 49%
Magic:  14/18      EV: 19    Int: 15    God:    the Shining One [**....]
Gold:   743        SH:  0    Dex: 15    Spells: 7/10 levels left

rFire    + . .     SeeInvis .   a - +0 war axe
rCold    . . .     Gourm    .   (no shield)
rNeg     + . .     Faith    .   y - +2 hat
rPois    .         Spirit   .   (no amulet)
rElec    .         Reflect  .   l - +3 ring of protection
rCorr    .         Harm     .   o - ring of protection from fire
MR       .....                  v - +3 ring of evasion
Stlth    ++........             (no ring)
HPRegen  0.23/turn              (no ring)
MPRegen  0.16/turn              (no ring)
                                (no ring)
                                (no ring)

@: very slightly contaminated, glowing
A: almost no armour, stealthy swim, amphibious, 8 rings, constrict 8, camouflage
1, gelatinous body 1
a: Divine Shield, Renounce Religion


You were on level 11 of the Dungeon.
You worshipped the Shining One.
The Shining One was pleased with you.
You were not hungry.

You visited 2 branches of the dungeon, and saw 12 of its levels.

You collected 743 gold pieces.

Inventory:

Hand Weapons
 a - a +0 war axe (weapon)
 E - a +2 mace of protection
Missiles
 q - 2 javelins
 w - 4 steel tomahawks
 z - 2 javelins of penetration (quivered)
Armour
 y - a +2 hat (worn)
Jewellery
 g - an uncursed ring of ice
 l - a +3 ring of protection (left tentacle)
 o - a ring of protection from fire (right tentacle)
 t - an uncursed ring of ice
 v - a +3 ring of evasion (on tentacle)
 F - an uncursed ring of fire
Wands
 b - a wand of flame (69)
 c - a wand of enslavement (15)
 j - a wand of paralysis (11)
 H - a wand of digging (11)
Scrolls
 r - 3 scrolls of amnesia
 s - 3 scrolls of remove curse
 u - 2 scrolls of identify
 B - a scroll of fog
 G - a scroll of blinking
 I - a scroll of enchant armour
Potions
 d - a potion of berserk rage
 e - 4 potions of heal wounds
 h - a potion of flight
 i - 5 potions of curing
 k - 2 potions of lignification
 m - a potion of magic
 n - 4 potions of haste
 p - a potion of cancellation
 x - 2 potions of agility
 C - a potion of invisibility
Comestibles
 f - 17 rations


   Skills:
 + Level 9.6 Fighting
   Level 1.0 Short Blades
 + Level 8.4 Axes
 - Level 3.6 Throwing
 - Level 5.8 Dodging
 + Level 5.3 Stealth
 - Level 2.2 Conjurations
 - Level 3.2 Translocations
 + Level 9.3 Invocations
 - Level 3.2 Evocations


You had 7 spell levels left.
You knew the following spells:

 Your Spells              Type           Power        Failure   Level  Hunger
a - Magic Dart            Conj           #...         11%         1    ##.....
b - Blink                 Tloc           N/A          11%         2    ###....


Dungeon Overview and Level Annotations

Branches:
Dungeon (11/15)            Temple (1/1) D:5            Lair (0/6) D:9
    Orc (0/2) D:10

Altars:
Ashenzari
Cheibriados
Dithmenos
Elyvilon
Fedhas
Gozag
Hepliaklqana
Kikubaaqudgha
Makhleb
Nemelex Xobeh
Okawaru
Qazlal
Ru
Sif Muna
Trog
Uskayaw
Vehumet
Wu Jian
Xom
Yredelemnul
Zin
The Shining One


Innate Abilities, Weirdness & Mutations

You cannot wear most types of armour.
You are very stealthy in the water. (Stealth+)
You are amphibious.
You can wear up to eight rings at the same time.
You can use your tentacles to constrict eight enemies at once.
Your skin changes colour to match your surroundings (Stealth+).
Your rubbery body absorbs attacks. (AC +1, EV +1)


Message History

The large slime creature is heavily wounded.
The large slime creature misses you. The large slime creature hits you!!
You hit the large slime creature.
The large slime creature is heavily wounded.
The large slime creature completely misses you.
You slash the large slime creature!
The large slime creature is heavily wounded.
The large slime creature hits you!!
* * * LOW HITPOINT WARNING * * *
You hit the large slime creature. You squeeze the large slime creature.
The large slime creature is severely wounded.
The large slime creature barely misses you.
You hit the large slime creature.
The large slime creature is severely wounded.
The large slime creature misses you.
You hit the large slime creature but do no damage.
You squeeze the large slime creature.
The large slime creature is severely wounded.
The large slime creature hits you!!!
You die...

###...#..................#......#
# #...#..................#..>...#
###...#..C...............#......#
......#....##..########.##......#
.....##..(.##..########.#########
.....#........................##.
.....# ......................##.
.....####+#####'#####...##....###
................@J..#...##....#..
................##..#...##....#..
........######......#...###'###..
...................J######....#..
.....######.....####.. #....#..
.....# #..#..# .. #....#.. .....#
#.....# .. #....#.. .###. #.....#
... #....#.. . #.....+ #....#..


You could see a large slime creature.

Vanquished Creatures
  3 two-headed ogres (D:9)
  Pikel (D:9)
  2 ugly things (D:11)
  A cyclops (D:11)
  A centaur zombie (D:10)
  3 trolls
  2 hippogriffs
  Sigmund (D:3)
  4 yaks
  Eustachio (D:4)
  A spriggan (D:7)
  2 water moccasins
  3 orc warriors
  4 ogres
  2 phantoms (D:5)
  4 centaurs
  8 bullfrogs
  A scorpion (D:9)
  4 electric eels (D:6)
  3 howler monkeys
  5 crimson imps
  2 bullfrog zombies
  2 hounds
  2 jellies
  2 centaur skeletons
  6 orc priests
  A bullfrog skeleton (D:9)
  10 orc wizards
  Jessica (D:3)
  3 iguanas
  Terence (D:2)
  5 worker ants
  Natasha (twice) (D:2)
  Ijyb (D:4)
  7 gnolls
  12 adders
  3 shadow imps
  An adder zombie (D:6)
  An ooze (D:1)
  4 worms
  4 dart slugs
  4 leopard geckos
  48 orcs
  4 bats (D:1)
  5 giant cockroaches
  15 goblins
  5 hobgoblins
  3 jackals
  8 quokkas
  2 frilled lizards
  A jackal skeleton (D:8)
  A jackal zombie (D:7)
  9 kobolds
  A leopard gecko zombie (D:5)
  A quokka skeleton (D:4)
  7 rats
  4 plants
244 creatures vanquished.

Vanquished Creatures (collateral kills)
  2 killer bees (D:11)
  An adder (D:2)
  A gnoll (D:7)
  A goblin (D:2)
5 creatures vanquished.

Vanquished Creatures (others)
  A gargoyle (D:10)
  A slave (D:9)
  A killer bee (D:11)
  A gnoll sergeant (D:7)
  An orc priest (D:9)
  A howler monkey zombie (D:9)
  Robin (D:2)
  An adder (D:2)
  A leopard gecko (D:9)
  9 orcs (D:9)
  A hobgoblin (D:2)
  A goblin (D:2)
20 creatures vanquished.

Grand Total: 269 creatures vanquished

Notes
Turn   | Place    | Note
-------+----------+-------------------------------------------
     0 | D:1      | Ijustatesigmund the Octopode Artificer began the quest for the Orb.
     0 | D:1      | Reached XP level 1. HP: 13/13 MP: 3/3
    66 | D:1      | Reached XP level 2. HP: 8/19 MP: 4/4
   411 | D:1      | Reached XP level 3. HP: 23/25 MP: 5/5
  1436 | D:2      | Noticed Robin
  1436 | D:2      | Reached XP level 4. HP: 33/33 MP: 6/6
  1464 | D:2      | Your ally died
  1665 | D:2      | Noticed Terence
  1688 | D:2      | Killed Terence
  1718 | D:2      | Learned a level 1 spell: Magic Dart
  1721 | D:2      | Learned a level 2 spell: Blink
  1726 | D:2      | Reached XP level 5. HP: 25/38 MP: 4/7
  1861 | D:2      | Noticed Natasha
  1869 | D:2      | Killed Natasha
  1869 | D:2      | Reached skill level 1 in Axes
  2167 | D:2      | Noticed Natasha
  2175 | D:2      | Killed Natasha
  2665 | D:3      | Reached skill level 1 in Conjurations
  2668 | D:3      | Noticed Jessica
  2680 | D:3      | Killed Jessica
  2921 | D:3      | Noticed Sigmund
  2929 | D:3      | Killed Sigmund
  2929 | D:3      | Reached skill level 5 in Fighting
  2929 | D:3      | Reached XP level 6. HP: 45/45 MP: 8/8
  3423 | D:4      | Found a hazy altar of Hepliaklqana.
  3424 | D:4      | Found a hide-covered altar of Uskayaw.
  3638 | D:4      | Noticed Ijyb
  3661 | D:4      | Killed Ijyb
  3661 | D:4      | Reached XP level 7. HP: 41/50 MP: 9/9
  3676 | D:4      | Found an iron altar of Okawaru.
  3768 | D:4      | Reached skill level 1 in Translocations
  3904 | D:4      | Found an iron altar of Okawaru.
  4311 | D:4      | Noticed Eustachio
  4378 | D:4      | Killed Eustachio
  4612 | D:5      | Entered Level 5 of the Dungeon
  4641 | D:5      | Reached XP level 8. HP: 57/57 MP: 10/10
  4673 | D:5      | Found a sparkling altar of Nemelex Xobeh.
  5052 | D:5      | Reached skill level 1 in Throwing
  5558 | D:5      | Found a staircase to the Ecumenical Temple.
  5583 | Temple   | Entered the Ecumenical Temple
  5642 | Temple   | Became a worshipper of the Shining One
  6400 | D:6      | Found a sacrificial altar of Ru.
  6445 | D:6      | Found a glowing golden altar of the Shining One.
  6481 | D:6      | Reached skill level 1 in Invocations
  7110 | D:6      | Reached XP level 9. HP: 30/63 MP: 8/11
  7966 | D:7      | Reached skill level 5 in Dodging
  8402 | D:7      | Reached * piety under the Shining One
  8408 | D:7      | Reached skill level 5 in Invocations
  9302 | D:8      | Found a shadowy altar of Dithmenos.
  9497 | D:9      | Reached skill level 5 in Axes
  9644 | D:9      | Found a staircase to the Lair.
  9684 | D:9      | Noticed a two-headed ogre
  9696 | D:9      | Killed a two-headed ogre
  9696 | D:9      | Reached XP level 10. HP: 71/71 MP: 13/15
 10179 | D:9      | Noticed a two-headed ogre
 10208 | D:9      | Killed a two-headed ogre
 10685 | D:9      | Noticed Pikel
 10685 | D:9      | Reached ** piety under the Shining One
 10708 | D:9      | Killed Pikel
 10814 | D:9      | Found a basalt altar of Yredelemnul.
 11119 | D:9      | Noticed a two-headed ogre
 11141 | D:9      | Killed a two-headed ogre
 11355 | D:10     | Entered Level 10 of the Dungeon
 11379 | D:10     | Reached XP level 11. HP: 69/80 MP: 17/17
 11535 | D:10     | Found a staircase to the Orcish Mines.
 11726 | D:10     | Paralysed by an orc for 2 turns
 12124 | D:11     | Noticed a white ugly thing
 12144 | D:11     | Killed a white ugly thing
 12325 | D:11     | Noticed a white ugly thing
 12408 | D:11     | Killed a white ugly thing
 12895 | D:10     | Reached skill level 5 in Stealth
 13104 | D:11     | Noticed a cyclops
 13416 | D:11     | Killed a cyclops
 13508 | D:11     | Demolished by a large slime creature

Vault maps used:
D:1:      eino_arrival_water_star, serial_bayou_lagoon_a
D:2:      first_ration, minmay_pentomino_s2, uniq_robin, uniq_terence,
          uniq_natasha
D:3:      uniq_jessica, uniq_sigmund
D:4:      wad_woods_stonehenge, gammafunk_temple_overflow_forgotten, uniq_ijyb,
          uniq_eustachio
D:5:      minmay_temple_entry_poolview, nemelex_lonely_heart_becter
D:6:      hangedman_ru_absence, basic_altar, serial_bayou, serial_bayou_shore_a,
          serial_bayou_pond_d, serial_bayou_ford_a, serial_bayou_pond_c
D:7:      the_bakery
D:8:      lemuel_coloured_pillars_altar
D:9:      nicolae_overflow_crystal_walls, lair_entry_dummy, uniq_pikel
D:10:     orc_0_dummy
Temple:   nicolae_temple_x_marks_the_god

Skill      XL: |  1  2  3  4  5  6  7  8  9 10 11 |
---------------+----------------------------------+-----
Fighting       | 2 3 4 5 6 7 9 |  9.6
Axes           | 2 4 5 7 8 |  8.4
Conjurations   | 2 |  2.2
Translocations | 2 3 |  3.2
Throwing       | 3 |  3.6
Dodging        | 4 5 |  5.8
Invocations    | 2 6 8 9 |  9.3
Stealth        | 2 5 |  5.3
Short Blades   | |  1.0
Evocations     | |  3.2

Action                   |  1- 3 |  4- 6 |  7- 9 | 10-12 || total
-------------------------+-------+-------+-------+-------++-------
Melee: Short sword       |    70 |    37 |       |       ||   107
       Constrict         |    13 |    31 |    58 |    42 ||   144
       Tentacles         |    13 |    25 |    91 |    80 ||   209
       Hand axe          |       |    81 |   392 |   138 ||   611
       War axe           |       |       |       |   190 ||   190
Throw: Javelin           |       |       |    10 |     6 ||    16
 Cast: Magic Dart        |       |    10 |    39 |     9 ||    58
       Blink             |       |       |       |     3 ||     3
Invok: Divine Shield     |       |       |       |     8 ||     8
Evoke: Wand              |     7 |    11 |    16 |    26 ||    60
  Use: Scroll            |     2 |     6 |    13 |     2 ||    23
       Potion            |       |       |       |     1 ||     1
 Stab: Sleeping          |     5 |    10 |     5 |       ||    20
       Paralysed         |       |     4 |     7 |       ||    11
  Eat: Chunk             |     1 |     8 |     7 |     7 ||    23
       Ration            |       |       |     4 |     3 ||     7
Armor: Skin              |     5 |     8 |    36 |    23 ||    72
Dodge: Dodged            |    35 |    56 |   217 |   199 ||   507
Block: Other             |       |       |       |     6 ||     6

Table legend:
 A = Spawn XP
 B = Non-spawn XP
 C = Spawn XP percentage of total XP
 D = Spawn monster count
 E = Non-spawn monster count
 F = Spawn count percentage of total count
 G = Total turns spent on level
                    A         B        C        D         E        F      G
               +---------+---------+-------+---------+---------+-------+---------
         Total |       0 |   13715 |   0.0 |       0 |     246 |   0.0 | 13508
               +---------+---------+-------+---------+---------+-------+---------
           D:1 |       0 |      52 |   0.0 |       0 |      24 |   0.0 |  1090
           D:2 |       0 |     192 |   0.0 |       0 |      29 |   0.0 |  1363
           D:3 |       0 |     316 |   0.0 |       0 |      19 |   0.0 |   970
           D:4 |       0 |     591 |   0.0 |       0 |      19 |   0.0 |  1189
           D:5 |       0 |     477 |   0.0 |       0 |      13 |   0.0 |  1034
           D:6 |       0 |     787 |   0.0 |       0 |      26 |   0.0 |  2064
           D:7 |       0 |    1012 |   0.0 |       0 |      26 |   0.0 |  1139
           D:8 |       0 |     499 |   0.0 |       0 |       6 |   0.0 |   644
           D:9 |       0 |    4815 |   0.0 |       0 |      44 |   0.0 |  1798
          D:10 |       0 |    2081 |   0.0 |       0 |      21 |   0.0 |  1175
          D:11 |       0 |    2893 |   0.0 |       0 |      19 |   0.0 |   978
               +---------+---------+-------+---------+---------+-------+---------
